 Dungeon Crawl Stone Soup version 0.24-a0-274-gb3763e6d51 (webtiles) character file.

Game seed: 6070427582779509459

206562 HAL9000 the Imperceptible (level 18, -5/93 HPs)
             Began as a Vine Stalker Assassin on Apr 27, 2019.
             Was a High Priest of Dithmenos.
             Slain by a jiangshi (9 damage)
             ... led by a vampire mage
             ... on level 1 of the Depths.
             The game lasted 02:17:14 (36673 turns).

HAL9000 the Imperceptible (Vine Stalker Assassin)  Turns: 36673, Time: 02:17:15

Health: -5/93      AC: 10    Str: 28    XL:     18   Next: 72%
Magic:  0/21       EV: 16    Int: 16    God:    Dithmenos [*****.]
Gold:   1472       SH: 16    Dex: 19    Spells: 17/19 levels left

rFire    . . .     SeeInvis .   a - +6 quick blade
rCold    . . .     Gourm    .   F - +2 shield
rNeg     . . .     Faith    .   w - +3 leather armour "Otracas" {Str+4 Int+2 Dex+2}
rPois    .         Spirit   +   I - +2 hat
rElec    .         Reflect  .   c - scarf {repulsion}
rCorr    .         Harm     .   y - +1 pair of gloves
MR       ++...                  (no boots)
Stlth    ++++++++++             L - amulet of Oenomania {Regen+ Str+4 Int+2}
HPRegen  1.45/turn              K - +6 ring of evasion
MPRegen  0.17/turn              M - ring of flight

@: very slightly contaminated, wreathed by umbra, lightly drained, repel
missiles
A: fangs 3, regeneration 2, magic shield, antimagic bite, no potion heal 3, rot
immunity
}: 1/15 runes: serpentine
a: Shadow Step, Shadow Form, Renounce Religion, Evoke Flight


You were on level 1 of the Depths.
You worshipped Dithmenos.
Dithmenos was extremely pleased with you.
You were not hungry.

You visited 7 branches of the dungeon, and saw 30 of its levels.

You collected 2526 gold pieces.
You spent 1054 gold pieces at shops.

Inventory:

Hand Weapons
 a - a +6 quick blade (weapon)
 b - a +0 blowgun
 R - a +2 short sword of flaming
Missiles
 j - 11 tomahawks of returning
 m - 26 tomahawks (quivered)
 A - 2 throwing nets
 T - 5 poisoned javelins
 W - 29 curare-tipped needles
Armour
 c - a scarf of repulsion (worn)
 w - the +3 leather armour "Otracas" (worn) {Str+4 Int+2 Dex+2}
   (You found it on level 5 of the Lair of Beasts)

   It affects your strength (+4).
   It affects your intelligence (+2).
   It affects your dexterity (+2).
 y - a +1 pair of gloves (worn)
 F - a +2 shield (worn)
 I - a +2 hat (worn)
Jewellery
 x - an uncursed ring of protection from cold
 E - a +3 ring of protection
 K - a +6 ring of evasion (left hand)
 L - the amulet of Oenomania (around neck) {Regen+ Str+4 Int+2}
   (You found it on level 4 of the Lair of Beasts)

   [amulet of regeneration]

   It affects your strength (+4).
   It affects your intelligence (+2).
   It increases your rate of regeneration.
 M - a ring of flight (right hand)
Wands
 d - a wand of clouds (6)
 p - a wand of disintegration (30)
 v - a wand of iceblast (37)
 B - a wand of enslavement (7)
 Y - a wand of acid (26)
Scrolls
 e - a scroll of torment
 s - 16 scrolls of remove curse
 D - 2 scrolls of identify
 H - 2 scrolls of blinking
 O - 10 scrolls of teleportation
 P - 5 scrolls of magic mapping
 Z - 4 scrolls of fog
Potions
 f - 2 potions of resistance
 h - a potion of might
 i - 4 potions of magic
 l - 12 potions of curing
 n - a potion of berserk rage
 q - a potion of invisibility
 r - 8 potions of haste
 z - 4 potions of flight
 C - a potion of ambrosia
 G - 2 potions of brilliance
 Q - 5 potions of agility
Miscellaneous
 N - a phial of floods
Comestibles
 g - 49 rations
 k - 5 chunks of flesh


   Skills:
 - Level 10.0(9.4) Fighting
 - Level 12.1(11.5) Short Blades
 - Level 6.1(5.5) Throwing
 - Level 5.6(5.0) Armour
 - Level 0.7(0.2) Dodging
 + Level 26.5(25.6) Stealth
 + Level 12.4(11.8) Shields
 - Level 1.1(0.6) Spellcasting
 - Level 3.5(3.0) Translocations
 - Level 2.2(1.7) Invocations
 - Level 3.0(2.4) Evocations


You had 17 spell levels left.
You knew the following spells:

 Your Spells              Type           Power        Failure   Level  Hunger
a - Blink                 Tloc           N/A          19%         2    ###....

Your spell library contained the following spells:

 Spells                   Type           Power        Failure   Level  Hunger
 Beastly Appendage        Tmut           #.....       38%         1    ##.....
 Corona                   Hex            #......      38%         1    ##.....
 Magic Dart               Conj           #...         38%         1    ##.....
 Sandblast                Erth           #.....       38%         1    ##.....
 Sting                    Conj/Pois      #...         38%         1    ##.....
 Summon Small Mammal      Summ           #...         38%         1    ##.....
 Call Imp                 Summ           #.......     52%         2    ###....
 Passwall                 Tmut/Erth      #.......     52%         2    ###....
 Poisonous Vapours        Pois/Air       #.....       52%         2    ###....
 Slow                     Hex            #.......     52%         2    ###....
 Sticks to Snakes         Tmut           #.......     52%         2    ###....
 Portal Projectile        Hex/Tloc       #.....       54%         3    ####...
 Call Canine Familiar     Summ           #.......     77%         3    ####...
 Conjure Flame            Conj/Fire      #.......     77%         3    ####...
 Inner Flame              Hex/Fire       #.......     77%         3    ####...
 Mephitic Cloud           Conj/Pois/Air  #.......     77%         3    ####...
 Spider Form              Tmut/Pois      #.........   77%         3    ####...
 Stone Arrow              Conj/Erth      #.....       77%         3    ####...
 Summon Guardian Golem    Hex/Summ       #.......     77%         3    ####...
 Cause Fear               Hex            #.........   99%         4    #####..
 Ice Form                 Ice/Tmut       #.......     99%         4    #####..
 Leda's Liquefaction      Hex/Erth       #.........   99%         4    #####..
 Olgreb's Toxic Radiance  Pois           #.......     99%         4    #####..
 Petrify                  Tmut/Erth      #.......     99%         4    #####..
 Summon Ice Beast         Ice/Summ       #.......     99%         4    #####..
 Summon Lightning Spire   Summ/Air       #.......     99%         4    #####..
 Blade Hands              Tmut           #.........   100%        5    ######.
 Bolt of Magma            Conj/Fire/Erth #.........   100%        5    ######.
 Lee's Rapid Deconstruct  Erth           #.........   100%        5    ######.
 Venom Bolt               Conj/Pois      #.........   100%        5    ######.
 Iron Shot                Conj/Erth      #.........   100%        6    #######
 Statue Form              Tmut/Erth      #........    100%        6    #######
 Shatter                  Erth           #.........   100%        9    #######


Dungeon Overview and Level Annotations

Branches:
Dungeon (15/15)            Temple (1/1) D:4            Lair (6/6) D:10
  Swamp (1/4) Lair:3        Snake (4/4) Lair:3        Slime (0/5) Lair:5
    Orc (2/2) D:10            Elf (0/3) Orc:2        Vaults (0/5) D:14
 Depths (1/5) D:15

Altars:
Ashenzari
Cheibriados
Dithmenos
Elyvilon
Fedhas
Gozag
Hepliaklqana
Kikubaaqudgha
Makhleb
Nemelex Xobeh
Okawaru
Qazlal
Ru
Sif Muna
Trog
Uskayaw
Vehumet
Wu Jian
Xom
Yredelemnul
Zin
The Shining One
Beogh

Shops:
D:5 (   D:6 !   Orc:2 ?=%=?   Depths:1 ((

Portals:
Abyss: Depths:1

Annotations:
Lair:3 exclusion: oklob plant
Lair:4 exclusion: oklob plant


Innate Abilities, Weirdness & Mutations

You have razor-sharp teeth.
You heal very quickly.
When hurt, damage is shared between your health and your magic reserves.
Your bite disrupts and absorbs the magic of your enemies.
Potions cannot restore your health.
You are immune to rotting.


Message History

You hear a grinding noise.
You block the jiangshi's attack. The jiangshi closely misses you.
There is an open door here.
You block the jiangshi's attack. x2
The jiangshi claws you.
* * * LOW HITPOINT WARNING * * *
The jiangshi draws strength from your injuries!
You block the jiangshi's attack. You block the jiangshi's attack.
The jiangshi barely misses you.
You hear a grinding noise.
The vampire mage gestures wildly while chanting.
The vampire mage flickers and vanishes!
Deactivating autopickup; reactivate with Ctrl-A.
The jiangshi barely misses you. The jiangshi claws you!!
* * * LOW HITPOINT WARNING * * *
The jiangshi draws strength from your injuries!
You hear a grinding noise.
There is an open door, spattered with blood here.
The jiangshi claws you!
You die...

..#.#≈≈≈≈≈#.# .
#.#.#≈≈≈≈≈#.# .
#.#.#≈≈≈≈≈#.+ .
#.#.#≈≈≈≈≈#.#.# .
#.#.#######.#.# # .
#.#.........#.#.# .
.########.###.......#.#.
###
........<.###V∩.....+..
+..
.#######...@VV....(.#.#
#..
##.###.......#.####..
#.# #.......'....VZ. #+#
#.####..#....#.. ###
####.##.#.. #(##.###
####+#


You could see 3 jiangshi.

Vanquished Creatures
  Vashnia (Snake:3)
  Jorgrun (D:15)
  6 nagarajas
  Aizul (Snake:2)
  2 stone giants (Depths:1)
  Azrael (D:15)
  2 entropy weavers (Lair:6)
  A green draconian (Swamp:1)
  3 ogre magi
  A great orb of eyes (Depths:1)
  19 naga warriors
  2 rakshasas
  7 hydras
  23 anacondas
  2 catoblepae
  A centaur warrior (D:14)
  A death knight (D:13)
  Erica (D:8)
  11 two-headed ogres
  A tengu warrior (D:15)
  A queen ant (Lair:6)
  2 deep troll shamans (Depths:1)
  6 orc high priests
  2 deep troll earth magi (Depths:1)
  15 naga sharpshooters
  A deep elf knight (D:15)
  3 shock serpents
  Sonja (Lair:3)
  Nergalle (Lair:4)
  4 salamander mystics
  6 deep trolls (Depths:1)
  A skeletal warrior (D:13)
  2 unseen horrors (D:15)
  A wizard (Depths:1)
  A glowing orange brain (D:15)
  2 swamp dragons
  A phantasmal warrior (D:13)
  4 orc knights
  10 naga ritualists
  18 mana vipers
  An orb spider (shapeshifter) (D:14)
  6 ugly things
  3 orc sorcerers
  12 salamanders
  3 cyclopes
  A manticore (D:15)
  32 black mambas
  16 naga magi
  Joseph (D:7)
  13 guardian serpents
  7 spiny frogs
  A spiny frog (shapeshifter) (D:14)
  A freezing wraith (D:13)
  11 komodo dragons
  2 rime drakes (Lair:2)
  3 kobold demonologists
  4 yaktaurs (D:15)
  A queen bee (Lair:2)
  2 trolls
  2 tyrant leeches (Lair:3)
  5 hornets
  3 polar bears (Lair:6)
  7 slime creatures
  3 dream sheep
  Prince Ribbit (D:7)
  13 blink frogs
  12 hippogriffs
  Sigmund (D:3)
  13 spriggans
  2 water elementals (D:13)
  3 wraiths
  57 yaks
  4 fire elementals
  5 wyverns
  6 hungry ghosts
  2 steam dragons (Lair:2)
  8 vampire mosquitoes (D:13)
  6 basilisks
  7 wargs
  25 soldier ants
  A swamp worm (shapeshifter) (D:14)
  3 hell hounds (D:15)
  58 nagas
  6 porcupines
  10 water moccasins
  2 swamp drakes (Lair:3)
  42 orc warriors
  6 ice beasts
  8 black bears
  4 boggarts (Lair:6)
  2 phantoms
  A necrophage (D:12)
  4 sky beasts
  19 ogres
  29 wolves
  An ogre (shapeshifter) (D:15)
  15 crocodiles
  19 centaurs
  4 big kobolds
  A gnoll sergeant (Orc:2)
  18 bullfrogs
  A bullfrog (shapeshifter) (D:15)
  2 scorpions
  2 wyvern skeletons
  33 killer bees
  5 wights (D:13)
  8 howler monkeys
  6 crimson imps
  A bullfrog zombie (D:12)
  9 hounds
  35 orc priests
  5 bullfrog skeletons
  2 jellies
  5 centaur zombies
  10 centaur skeletons
  Jessica (D:3)
  Terence (D:2)
  7 iguanas
  13 orc wizards
  Natasha (D:1)
  26 worker ants
  4 hell rats (Lair:3)
  A hound zombie (D:6)
  2 hound skeletons
  A worker ant zombie (D:11)
  Robin (D:2)
  3 gnolls (Orc:2)
  18 adders
  2 river rats (Lair:3)
  4 shadow imps
  An adder zombie (D:6)
  3 dart slugs
  7 leopard geckos
  90 orcs
  6 bats
  6 giant cockroaches
  12 hobgoblins
  16 jackals
  6 quokkas
  3 ball pythons
  A ball python zombie (D:5)
  5 frilled lizards
  12 goblins
  A jackal skeleton (D:5)
  22 kobolds
  A leopard gecko skeleton (D:5)
  A leopard gecko zombie (D:5)
  A quokka skeleton (D:4)
  9 rats
  A fungus (Lair:3)
  A plant (D:10)
1141 creatures vanquished.

Vanquished Creatures (others)
  19 fungi
  6 plants
25 creatures vanquished.

Grand Total: 1166 creatures vanquished

Notes
Turn   | Place    | Note
-------+----------+-------------------------------------------
     0 | D:1      | HAL9000 the Vine Stalker Assassin began the quest for the
                  | Orb.
     0 | D:1      | Reached XP level 1. HP: 11/11 MP: 2/2
    40 | D:1      | Reached skill level 5 in Stealth
   140 | D:1      | Reached XP level 2. HP: 13/15 MP: 0/3
   805 | D:2      | Noticed Natasha
   822 | D:1      | Killed Natasha
   822 | D:1      | Reached skill level 6 in Stealth
   822 | D:1      | Reached XP level 3. HP: 9/18 MP: 1/4
  1379 | D:2      | Gained mutation: Your natural rate of healing is unusually
                  | fast. [Vine Stalker growth]
  1379 | D:2      | Reached XP level 4. HP: 9/23 MP: 3/5
  1632 | D:2      | Noticed Robin
  1666 | D:2      | Reached skill level 7 in Stealth
  1751 | D:2      | Killed Robin
  1872 | D:2      | Reached XP level 5. HP: 26/26 MP: 6/6
  1874 | D:2      | Noticed Terence
  1906 | D:2      | Killed Terence
  2138 | D:2      | Found a faded altar of an unknown god.
  2662 | D:3      | Noticed Jessica
  2670 | D:3      | Killed Jessica
  2670 | D:3      | Reached skill level 8 in Stealth
  2706 | D:3      | Noticed Sigmund
  2716 | D:3      | HP: 1/26 [poisoned by Sigmund]
  2887 | D:3      | Reached XP level 6. HP: 30/30 MP: 7/7
  3232 | D:3      | Killed Sigmund
  3499 | D:4      | Found a staircase to the Ecumenical Temple.
  3524 | D:4      | Reached skill level 9 in Stealth
  3524 | D:4      | Reached XP level 7. HP: 28/34 MP: 6/8
  3628 | Temple   | Entered the Ecumenical Temple
  4188 | D:5      | Entered Level 5 of the Dungeon
  4452 | D:5      | Found Nyliq's Weapon Boutique.
  4587 | D:5      | Reached skill level 10 in Stealth
  4706 | D:5      | Reached skill level 5 in Short Blades
  4944 | D:6      | Gained mutation: You have razor-sharp teeth. [Vine Stalker
                  | growth]
  4944 | D:6      | Reached XP level 8. HP: 38/38 MP: 9/9
  4989 | D:6      | Found Fauzu's Distillery.
  5017 | D:6      | Bought a potion of might for 52 gold pieces
  5192 | D:6      | Reached skill level 11 in Stealth
  5247 | D:6      | Found an iron altar of Okawaru.
  5690 | D:7      | Noticed Joseph
  5699 | D:7      | Killed Joseph
  5699 | D:7      | Reached skill level 12 in Stealth
  5699 | D:7      | Reached XP level 9. HP: 42/42 MP: 10/10
  5987 | D:6      | Reached skill level 13 in Stealth
  6046 | D:7      | Noticed Prince Ribbit
  6305 | D:7      | Killed Prince Ribbit
  6763 | D:8      | Found a burning altar of Makhleb.
  6895 | D:8      | Noticed Erica
  6902 | D:8      | Killed Erica
  6902 | D:8      | Reached skill level 14 in Stealth
  6902 | D:8      | Reached XP level 10. HP: 46/46 MP: 11/11
  7176 | D:8      | Found a snail-covered altar of Cheibriados.
  7180 | D:8      | Found a deep blue altar of Sif Muna.
  7181 | D:8      | Found an opulent altar of Gozag.
  7181 | D:8      | Found a basalt altar of Yredelemnul.
  7182 | D:8      | Found a shadowy altar of Dithmenos.
  7186 | D:8      | Found a shimmering altar of Xom.
  7196 | D:8      | Became a worshipper of Dithmenos the Shadowed
  7420 | D:9      | Noticed a two-headed ogre
  7441 | D:9      | Killed a two-headed ogre
  7504 | D:9      | Reached skill level 15 in Stealth
  8055 | D:9      | Reached skill level 10 in Short Blades
  8131 | D:10     | Entered Level 10 of the Dungeon
  8330 | D:10     | Noticed an orc knight
  8374 | D:9      | Killed an orc knight
  8374 | D:9      | Reached XP level 11. HP: 15/50 MP: 6/12
  8480 | D:10     | Reached * piety under Dithmenos
  8489 | D:10     | Reached skill level 16 in Stealth
  8622 | D:10     | Found a roughly hewn altar of Beogh.
  8622 | D:10     | Found a staircase to the Orcish Mines.
  9129 | D:10     | Reached ** piety under Dithmenos
  9298 | D:10     | Found a staircase to the Lair.
  9793 | Lair:1   | Entered Level 1 of the Lair of Beasts
 10222 | Lair:1   | Reached skill level 17 in Stealth
 11090 | Lair:2   | Reached skill level 18 in Stealth
 11090 | Lair:2   | Gained mutation: You heal very quickly. [Vine Stalker
                  | growth]
 11090 | Lair:2   | Reached XP level 12. HP: 44/54 MP: 13/13
 11173 | Lair:2   | Reached *** piety under Dithmenos
 12051 | Lair:2   | Reached skill level 19 in Stealth
 12392 | Lair:3   | Reached **** piety under Dithmenos
 12645 | Lair:3   | Noticed Sonja
 12652 | Lair:3   | Killed Sonja
 13143 | Lair:3   | Found a staircase to the Snake Pit.
 13627 | Lair:3   | Noticed a seven-headed hydra
 13629 | Lair:3   | Noticed a four-headed hydra
 13630 | Lair:3   | Found a staircase to the Swamp.
 13631 | Lair:3   | Killed a seven-headed hydra
 13631 | Lair:3   | Reached skill level 20 in Stealth
 13631 | Lair:3   | Reached XP level 13. HP: 56/59 MP: 9/14
 14028 | Lair:4   | Got a vibrating sapphire amulet
 14038 | Lair:4   | Noticed Nergalle
 14043 | Lair:4   | Killed Nergalle
 14050 | Lair:4   | Identified the amulet of Oenomania {Regen+ Str+4 Int+2}
                  | (You found it on level 4 of the Lair of Beasts)
 14647 | Lair:5   | Found a staircase to the Slime Pits.
 15065 | Lair:5   | Reached skill level 21 in Stealth
 15188 | Lair:5   | Got a jasper-encrusted leather armour
 15199 | Lair:5   | Identified the +3 leather armour "Otracas" {Str+4 Int+2
                  | Dex+2} (You found it on level 5 of the Lair of Beasts)
 15468 | Lair:6   | Entered Level 6 of the Lair of Beasts
 15844 | Lair:6   | Reached skill level 5 in Fighting
 16137 | Lair:6   | Noticed an entropy weaver
 16139 | Lair:6   | Noticed an entropy weaver
 16547 | Lair:6   | Reached ***** piety under Dithmenos
 16579 | Lair:6   | HP: 2/65 [six-headed hydra (7)]
 17177 | Lair:6   | Killed an entropy weaver
 17177 | Lair:6   | Reached XP level 14. HP: 70/70 MP: 15/15
 17298 | Lair:6   | Reached skill level 22 in Stealth
 17401 | Lair:6   | Killed an entropy weaver
 18408 | Lair:6   | Reached skill level 5 in Throwing
 18969 | D:11     | Reached skill level 1 in Shields
 19014 | Orc:1    | Entered Level 1 of the Orcish Mines
 19631 | Orc:2    | Entered Level 2 of the Orcish Mines
 19866 | Orc:2    | Reached ****** piety under Dithmenos
 20109 | Orc:2    | Found Nupteja's Magic Scroll Shop.
 20303 | Orc:2    | Found a staircase to the Elven Halls.
 20305 | Orc:2    | Bought a scroll of fear for 35 gold pieces
 20305 | Orc:2    | Bought a scroll of teleportation for 30 gold pieces
 20305 | Orc:2    | Bought a scroll of identify for 20 gold pieces
 20928 | Orc:2    | Reached skill level 5 in Shields
 21301 | Orc:2    | Reached skill level 1 in Armour
 21696 | Orc:2    | Found Ceblu's Jewellery Shoppe.
 21699 | Orc:2    | Found Mesoziur's Jewellery Emporium.
 21700 | Orc:2    | Found Musemp's Magic Scroll Shoppe.
 21701 | Orc:2    | Found Igudis's Food Shoppe.
 21712 | Orc:2    | Bought a scroll of teleportation for 42 gold pieces
 21712 | Orc:2    | Bought a scroll of teleportation for 42 gold pieces
 21712 | Orc:2    | Bought a scroll of blinking for 105 gold pieces
 21712 | Orc:2    | Bought a scroll of acquirement for 728 gold pieces
 22117 | D:11     | Learned a level 2 spell: Blink
 22596 | D:12     | Reached XP level 15. HP: 75/75 MP: 16/16
 23864 | D:13     | Reached skill level 23 in Stealth
 24942 | D:14     | Got a twisted plate armour
 24943 | D:14     | Identified the cursed +1 plate armour of Loss {rCorr Str+3
                  | Int-3 Stlth+} (You found it on level 14 of the Dungeon)
 25397 | D:14     | Found a gate to the Vaults.
 25657 | D:15     | Entered Level 15 of the Dungeon
 25906 | D:14     | Reached skill level 1 in Invocations
 25939 | D:15     | Found a blossoming altar of Fedhas.
 26114 | D:15     | Reached skill level 24 in Stealth
 26323 | D:15     | Noticed Azrael
 26375 | D:15     | Killed Azrael
 26559 | D:15     | Reached XP level 16. HP: 70/83 MP: 16/18
 26584 | D:15     | Found a staircase to the Depths.
 27229 | D:15     | Noticed Jorgrun
 27230 | D:15     | Killed Jorgrun
 27518 | Snake:1  | Entered Level 1 of the Snake Pit
 27977 | Snake:1  | Reached skill level 10 in Fighting
 28217 | Snake:1  | Reached skill level 25 in Stealth
 28804 | Snake:2  | Noticed Aizul
 28892 | Snake:2  | Killed Aizul
 29187 | Snake:2  | Found a deep blue altar of Sif Muna.
 29206 | Snake:2  | Reached skill level 5 in Armour
 29925 | Snake:3  | Reached XP level 17. HP: 89/89 MP: 19/19
 29994 | Snake:3  | Reached skill level 26 in Stealth
 30028 | Snake:3  | Noticed Vashnia
 31096 | Snake:3  | Reached skill level 1 in Translocations
 31367 | Snake:3  | Reached skill level 1 in Spellcasting
 31952 | Snake:3  | Killed Vashnia
 31984 | Snake:4  | Entered Level 4 of the Snake Pit
 33601 | Snake:4  | Reached XP level 18. HP: 66/93 MP: 20/20
 33705 | Snake:4  | Reached skill level 10 in Shields
 35042 | Snake:4  | Got a serpentine rune of Zot
 35421 | Swamp:1  | Entered Level 1 of the Swamp
 35663 | Lair:2   | Reached skill level 1 in Evocations
 36419 | Depths:1 | Entered Level 1 of the Depths
 36427 | Depths:1 | Found a one-way gate to the infinite horrors of the Abyss.
 36496 | Depths:1 | Found Nokibe's Antique Weapon Shop.
 36535 | Depths:1 | Found Kyedyopi's Weapon Emporium.
 36659 | Depths:1 | HP: 2/93 [jiangshi[a vampire mage] (13)]
 36672 | Depths:1 | HP: 3/93 [jiangshi[a vampire mage] (17)]
 36673 | Depths:1 | Slain by a jiangshi

Levels and vault maps discovered:
D:1:      psy_arrival_fountain, layout_basic, chequers_serial_rivers_micro_a
D:2:      layout_basic, chequers_ecumenical_altar_simple_redux, uniq_terence,
          uniq_robin, uniq_natasha
D:3:      layout_basic, first_ration, uniq_sigmund, uniq_jessica
D:4:      layout_rooms, minmay_temple_entry_mist
D:5:      layout_basic, serial_shops, shop, chequers_serial_rivers_small_b,
          chequers_serial_rivers_marsh
D:6:      layout_basic, okawaru_ov_weapons_minmay, serial_shops, shop,
          st_stairs_9
D:7:      layout_cave_pools, uniq_prince_ribbit1, uniq_joseph
D:8:      layout_basic, minitemple, kennysheep_little_box, uniq_erica
D:9:      layout_roguey
D:10:     layout_long_grid, david_lair_shrubbed, david_orc_5, grunt_pizzeria
D:11:     layout_long_grid
D:12:     layout_basic
D:13:     layout_basic
D:14:     layout_cave_pools, david_vaults_2
D:15:     gammafunk_enter_depths_forms, layout_loops_ring, fedhas_altar_3,
          minmay_increasing_density, uniq_jorgrun, uniq_azrael
Temple:   eino_temple_water
Lair:1:   layout_regular_city, cheibrodos_lair_caveside_slide,
          serial_bayou_shore_b
Lair:2:   regret_index_tunnel_blossom, layout_long_grid
Lair:3:   layout_gridlike, palyth_hydra_swamp_entry, dummy_snake_entry,
          minmay_lair_oklob_bushes, kennysheep_abandoned_house, uniq_sonja
Lair:4:   layout_hall_layers, chequers_serial_rivers_room_a,
          serial_bayou_shore_b, minmay_lair_oklob_chamber, uniq_nergalle
Lair:5:   layout_long_grid, slime_dummy
Lair:6:   minmay_lair_end_enchanted_forest, layout_cave_pods,
          gauntlet_entry_generic, minivault_29, grunt_megastairs_2
Swamp:1:  layout_basic_swamp, evilmike_swamp_ruin_rubble_2, hangedman_swamp_dais
Snake:1:  layout_honeycomb
Snake:2:  layout_grid_maze, basic_altar, uniq_aizul
Snake:3:  layout_gridlike, special_room, uniq_vashnia
Snake:4:  grunt_snake_rune_serpentine_throne, layout_basic
Orc:1:    nicolae_orc_accident_3, layout_diamond_mine
Orc:2:    st_orc_pillars, layout_diamond_mine, serial_shops, shop
Depths:1: layout_gridlike, enter_ziggurat_f, serial_shops, nicolae_shop_crystal,
          shop, nicolae_shop_stone, shop, pf_hell_entry_tar_spiral,
          rand_demon_pan_entry_8, kennysheep_nondescript, mu_enter_wizlab_1,
          abyss_entry, minivault_14, minmay_liquid_box, kb_rosetta,
          minmay_shop_grove

Skill      XL: |  1  2  3  4  5  6  7  8  9 10 11 12 13 14 15 16 17 18 |
---------------+-------------------------------------------------------+-----
Stealth        | 5 6 7 8 9 10 12 14 15 18 20 21 22 24 25 26 | 26.5
Short Blades   | 2 3 4 5 6 8 10 11 12 | 12.1
Fighting       | 2 6 7 8 10 | 10.0
Throwing       | 2 6 |  6.1
Shields        | 5 9 12 | 12.4
Armour         | 2 3 5 |  5.6
Invocations    | 1 2 |  2.2
Translocations | 3 |  3.5
Spellcasting   | 1 |  1.1
Evocations     | 3 |  3.0
Dodging        | |  0.7

Action                   |  1- 3 |  4- 6 |  7- 9 | 10-12 | 13-15 | 16-18 || total
-------------------------+-------+-------+-------+-------+-------+-------++-------
Melee: Dagger            |    73 |   163 |   322 |   771 |    65 |       ||  1394
       Bite              |    18 |    43 |    90 |   394 |  1006 |   875 ||  2426
       Short sword       |       |       |       |   338 |  1109 |    13 ||  1460
       Scimitar          |       |       |       |       |    24 |       ||    24
       Quick blade       |       |       |       |       |   740 |  1602 ||  2342
 Fire: Blowgun           |       |     3 |     9 |    28 |    18 |    10 ||    68
Throw: Tomahawk          |       |       |       |       |     3 |    49 ||    52
 Cast: Blink             |       |       |       |       |       |    10 ||    10
Invok: Shadow Step       |       |       |       |     2 |    12 |    10 ||    24
 Abil: Evoke Flight      |       |       |       |       |       |     1 ||     1
Evoke: Wand              |       |       |     3 |       |       |       ||     3
  Use: Potion            |       |     1 |     1 |       |     4 |     2 ||     8
       Scroll            |       |       |     6 |    10 |    19 |     7 ||    42
 Stab: Sleeping          |     3 |    19 |    21 |    32 |   107 |    93 ||   275
       Distracted        |       |       |     2 |     8 |    17 |     9 ||    36
       Confused          |       |       |       |     1 |       |       ||     1
  Eat: Chunk             |     1 |     7 |    15 |    22 |    35 |    16 ||    96
       Ration            |       |       |       |       |     2 |     5 ||     7
Armor: Robe              |    22 |    11 |       |       |       |       ||    33
       Animal skin       |       |    37 |       |       |       |       ||    37
       Leather armour    |       |     3 |    82 |   148 |   225 |   113 ||   571
       Skin              |       |       |       |     2 |       |       ||     2
Dodge: Dodged            |    28 |   115 |   187 |   504 |   760 |   485 ||  2079
       Deflected         |       |       |       |       |     4 |    71 ||    75
Block: Buckler           |       |       |       |       |   197 |   197 ||   394
       Shield            |       |       |       |       |       |   156 ||   156
       Rpst.: Scimitar   |       |       |       |       |     5 |       ||     5

Table legend:
 A = Non-vault XP
 B = Vault XP
 C = Vault XP percentage of total XP
 D = Non-vault monster count
 E = Vault monster count
 F = Vault count percentage of total count
                 A         B        C        D         E       F
            +---------+---------+-------+---------+---------+-------
      Total |  186835 |  109571 |  37.0 |     782 |     357 |  31.3
            +---------+---------+-------+---------+---------+-------
        D:1 |      27 |      35 |  56.5 |      16 |       1 |   5.9
        D:2 |     120 |      72 |  37.5 |      31 |      13 |  29.5
        D:3 |      47 |     257 |  84.5 |      14 |       2 |  12.5
        D:4 |     321 |       0 |   0.0 |      18 |       0 |   0.0
        D:5 |     316 |       0 |   0.0 |      20 |       0 |   0.0
        D:6 |    1727 |      42 |   2.4 |      34 |       2 |   5.6
        D:7 |     716 |     693 |  49.2 |      19 |       2 |   9.5
        D:8 |    1313 |     902 |  40.7 |      15 |       1 |   6.2
        D:9 |    2275 |     642 |  22.0 |      25 |       1 |   3.8
       D:10 |    2270 |    1546 |  40.5 |      23 |      24 |  51.1
       D:11 |    2818 |       0 |   0.0 |      27 |       0 |   0.0
       D:12 |    6663 |       0 |   0.0 |      41 |       0 |   0.0
       D:13 |    9786 |       0 |   0.0 |      39 |       0 |   0.0
       D:14 |    8629 |    1533 |  15.1 |      42 |       5 |  10.6
       D:15 |   19832 |   11134 |  36.0 |      45 |      20 |  30.8
     Lair:1 |    3418 |       0 |   0.0 |      19 |       0 |   0.0
     Lair:2 |    4036 |    5445 |  57.4 |      21 |      43 |  67.2
     Lair:3 |    4042 |    5510 |  57.7 |      19 |      18 |  48.6
     Lair:4 |    2733 |     785 |  22.3 |      12 |       1 |   7.7
     Lair:5 |    6878 |    1566 |  18.5 |      21 |       8 |  27.6
     Lair:6 |    5845 |   15745 |  72.9 |      26 |      85 |  76.6
    Swamp:1 |       0 |    2886 | 100.0 |       0 |       3 | 100.0
    Snake:1 |   24977 |       0 |   0.0 |      51 |       0 |   0.0
    Snake:2 |   14037 |    2454 |  14.9 |      27 |       2 |   6.9
    Snake:3 |   20879 |    8239 |  28.3 |      40 |       5 |  11.1
    Snake:4 |   21836 |   41374 |  65.5 |      41 |      62 |  60.2
      Orc:1 |    4892 |    2197 |  31.0 |      43 |      26 |  37.7
      Orc:2 |    2855 |    6514 |  69.5 |      38 |      33 |  46.5
   Depths:1 |   13547 |       0 |   0.0 |      15 |       0 |   0.0
            +---------+---------+-------+---------+---------+-------
